Map: New Repugnancy LE

Players

ShoWTimE

  • Race: Protoss Protoss
  • League: Grandmaster
  • Spawn Location: 1:00

Elazer - Winner!

  • Race: Zerg Zerg
  • Spawn Location: 7:00

Event: 2019 WCS Winter Europe

VOD

Have the link to the VOD?

Description

Time

  • Played on: March 24, 2019, 10:02 a.m.
  • Length: 9:32

All games in this series

Show
View Real Time Build Order
Export as new Build Order

ShoWTimE Protoss 

Build Orders: 1 Gate Expand, Archon Immortal 

Get SALT Encoding   

  12  0:00  Probe  
  13  0:12  Probe  
  14  0:18  Pylon  
  14  0:24  Probe  
  15  0:32  Probe  
  15  0:39  Gateway  
  15  0:40  Probe  
  16  0:47  Assimilator  
  17  0:51  Probe  
  18  1:03  Probe  
  19  1:15  Probe  
  20  1:23  Nexus  
  20  1:34  Cybernetics Core  
  20  1:36  Probe  
  21  1:42  Assimilator  
  21  1:48  Probe  
  21  1:50  Pylon  
  22  2:00  Probe, Adept  
  23  2:12  Probe  
  26  2:17  Robotics Facility  
  26  2:19  Warp Gate  
  26  2:20  Stalker  
  26  2:24  Probe  
  27  2:32  Probe  
  27  2:36  Probe  
  31  2:40  Probe  
  32  2:48  Probe  
  32  2:50  Sentry, Probe  
  35  2:56  Warp Prism  
  36  3:01  Probe  
  36  3:02  Probe  
  40  3:13  Probe  
  40  3:14  Probe  
  40  3:19  Gateway  
  42  3:21  Gateway  
  42  3:25  Probe  
  43  3:27  Probe  
  43  3:32  Pylon  
  43  3:34  Observer  
  43  3:37  Probe  
  43  3:39  Probe  
  45  3:43  Forge  
  45  3:47  Pylon  
  45  3:49  Probe  
  45  3:51  Probe  
  45  3:52  Assimilator  
  47  3:56  Assimilator  
  47  3:59  Protoss Ground Weapons Level 1  
  47  4:01  Probe  
  48  4:03  Probe  
  48  4:08  Stalker  
  51  4:10  Pylon  
  51  4:11  Probe  
  51  4:15  Stalker x2  
  57  4:17  Probe  
  57  4:19  Probe  
  58  4:29  Probe  
  59  4:37  Pylon  
  59  4:38  Stalker  
  61  4:41  Stalker x2  
  61  4:44  Pylon  
  65  4:51  Immortal  
  67  5:12  Probe x2  
  69  5:14  Sentry x3, Twilight Council  
  69  5:20  Pylon  
  75  5:24  Probe x2  
  75  5:26  Protoss Ground Weapons Level 2  
  77  5:33  Immortal, Gateway  
  81  5:37  Pylon  
  81  5:51  Adept  
  81  5:56  Charge  
  83  6:04  Nexus  
  83  6:06  Pylon  
  83  6:07  Pylon  
  83  6:08  Probe x2  
  85  6:13  Immortal  
  89  6:25  Gateway  
  89  6:26  Probe x2  
  89  6:28  Gateway  
  91  6:39  Probe x2  
  93  6:40  Templar Archives  
  93  6:47  Immortal  
  93  6:49  Photon Cannon  
  93  6:51  Probe x2  
  99  7:03  Probe  
  99  7:04  Probe  
  99  7:06  Pylon  
  99  7:07  Zealot x4  
  109  7:14  Shield Battery  
  109  7:26  Immortal, Pylon  
  113  7:35  High Templar x3  
  113  7:36  High Templar  
  121  7:37  Zealot x2  
  121  7:42  Archon  
  117  7:58  Probe  
  113  7:59  Probe  
  113  8:00  Zealot x2  
  114  8:05  Immortal  
  114  8:10  Zealot x4  
  114  8:13  Probe  
  114  8:15  Archon  
  114  8:18  Probe  
  114  8:19  Probe  
  111  8:24  Zealot x2  
  111  8:25  Probe  
  112  8:31  Probe  
  104  8:38  Zealot x3  
  104  8:41  Probe  
  111  8:45  Immortal  
  111  8:48  Zealot  
  95  8:57  Probe  
  95  8:58  Zealot  
  95  9:00  Probe  
  95  9:01  Probe  
Show
View Real Time Build Order
Export as new Build Order

Elazer Zerg - Winner!

Build Orders: Hatch First 

Get SALT Encoding   

  12  0:00  Drone  
  13  0:12  Overlord  
  13  0:16  Drone  
  14  0:30  Drone x2  
  16  0:49  Hatchery  
  15  0:51  Drone  
  15  0:55  Drone  
  17  0:58  Drone  
  18  1:08  Extractor  
  17  1:13  Spawning Pool  
  17  1:16  Drone  
  17  1:20  Drone  
  18  1:27  Drone  
  19  1:38  Drone  
  20  1:50  Drone  
  21  2:00  Overlord, Queen  
  21  2:01  Queen  
  23  2:02  Zergling x2  
  26  2:11  Zergling x2  
  26  2:12  Drone  
  28  2:22  Drone x2  
  30  2:32  Drone  
  30  2:35  Hatchery, Drone  
  31  2:41  Queen  
  33  2:46  Overlord  
  33  2:50  Drone  
  34  2:53  Drone  
  34  2:56  Drone  
  36  3:07  Overlord  
  36  3:08  Drone x2  
  36  3:11  Drone  
  36  3:12  Drone x2  
  40  3:13  Drone x2  
  40  3:18  Overlord  
  42  3:23  Spore Crawler  
  42  3:26  Spore Crawler  
  40  3:28  Drone x2  
  40  3:33  Metabolic Boost  
  44  3:35  Queen  
  44  3:38  Drone  
  47  3:41  Drone  
  47  3:42  Drone x3  
  51  3:50  Drone x3  
  51  3:51  Queen  
  51  3:54  Overlord  
  56  3:58  Zergling x2  
  57  4:04  Roach Warren  
  56  4:10  Overlord  
  56  4:11  Queen  
  56  4:14  Queen  
  60  4:18  Drone x2  
  60  4:19  Drone x3  
  60  4:22  Overlord  
  63  4:33  Zergling x14  
  69  4:39  Queen  
  69  4:41  Overlord  
  69  4:42  Overlord  
  69  4:45  Overlord  
  69  4:55  Zergling x12  
  74  5:03  Zergling x6  
  74  5:04  Zergling x2  
  74  5:08  Overlord  
  74  5:11  Queen  
  74  5:14  Overlord  
  78  5:16  Lair  
  78  5:18  Queen  
  78  5:23  Roach x2  
  78  5:27  Extractor  
  78  5:28  Extractor  
  79  5:30  Drone x2  
  79  5:31  Drone  
  82  5:38  Drone x2  
  82  5:42  Drone  
  85  5:43  Drone x6  
  85  5:46  Overlord, Extractor  
  85  5:49  Roach x3  
  96  5:54  Overlord  
  96  5:58  Roach  
  96  5:59  Roach  
  96  6:02  Overlord  
  100  6:09  Overlord  
  100  6:10  Overlord  
  100  6:13  Roach  
  101  6:20  Drone x2  
  101  6:21  Glial Reconstitution  
  108  6:25  Roach x3  
  108  6:26  Roach x3  
  108  6:30  Overlord  
  114  6:33  Overlord  
  114  6:34  Roach  
  114  6:35  Roach x2  
  114  6:37  Overlord  
  114  6:38  Extractor x2  
  120  6:40  Roach  
  122  6:48  Nydus Network  
  122  6:49  Overlord  
  122  6:50  Roach x4  
  129  6:55  Roach  
  129  6:56  Roach x4  
  129  6:59  Overseer  
  139  7:01  Overlord  
  139  7:02  Overlord  
  139  7:06  Roach x3  
  145  7:11  Overlord  
  145  7:13  Roach  
  147  7:19  Roach x4  
  147  7:22  Hatchery  
  154  7:25  Roach x3  
  154  7:27  Roach  
  154  7:28  Overlord  
  162  7:32  Overlord  
  162  7:37  Roach x2  
  162  7:38  Roach x2  
  163  7:45  Roach x2  
  163  7:50  Ravager  
  152  7:55  Roach x3  
  156  7:59  Overlord  
  156  8:00  Roach x2  
  158  8:08  Roach x2  
  158  8:09  Roach x2  
  164  8:17  Roach x3  
  147  8:30  Roach x6  
  157  8:37  Overlord  
  157  8:41  Roach x5  
  163  8:45  Roach  
  153  8:54  Roach x4  
Tags
 
Add a new tag
Caveats
  • Supply blocks, unpowered buildings, or Contaminate may cause inaccurate times.
  • Supply counts are checked every 10 seconds.